 Dungeon Crawl Stone Soup version 0.30-a0-1160-g6e42c06551 (webtiles) character file.

Game seed: 2687384552464965579

606269 KimchiStew the Executioner (level 27, -19/228 HPs)
             Began as a Formicid Monk on Apr 26, 2023.
             Was an Elder of Qazlal.
             Killed from afar by an orb of fire (23 damage)
             ... with a bolt of fire
             ... on level 5 of the Realm of Zot.
             The game lasted 02:01:38 (59047 turns).

KimchiStew the Executioner (Formicid Monk)         Turns: 59047, Time: 02:01:39

Health: -19/228    AC: 39    Str: 27    XL:     27
Magic:  13/37      EV: 17    Int: 13    God:    Qazlal [****..]
Gold:   2791       SH: 30    Dex: 10    Spells: 26/26 levels left

rFire   + + .        K - +2 executioner's axe "Dauc" {freeze, Fly}
rCold   + + .        T - +4 tower shield
rNeg    . . .        l - +12 gold dragon scales
rPois   +            (helmet unavailable)
rElec   +            G - +2 cloak {rCorr}
rCorr   +            o - +2 pair of gloves
SInv    +            I - +0 pair of boots "Qeoledoo" {rF+ Will+ SInv}
Will    ++++.        B - amulet of regeneration Stlth
                     O - ring "Petrop" {rElec EV+5 Int-3 Dex-3 SInv}
HPRegen 1.38/turn    Z - ring "Sethus" {Wiz rC+ Will+ Stlth+}
MPRegen 0.25/turn

%: repel missiles, wizardry (x1)
@: mighty, flying, studying 2 skills, unable to drink
A: permanent stasis, dig shafts and tunnels, antennae 3, four strong arms,
clever 1, clumsy 1, deformed body, inability to drink after injury 1
}: 3/15 runes: decaying, silver, gossamer
a: Dig, Shaft Self, Renounce Religion, Upheaval, Elemental Force


You were on level 5 of the Realm of Zot.
You worshipped Qazlal.
Qazlal was greatly pleased with you.
You visited 11 branches of the dungeon, and saw 49 of its levels.
You also visited: Sewer, Gauntlet, Volcano and Desolation.

You collected 6657 gold pieces.
You spent 3866 gold pieces at shops.

Inventory:

Hand Weapons
 p - the +7 lajatang of Order {silver, rMut}
   (You found it in the Desolation of Salt)

   rMut:      It protects you from mutation.
 K - the +2 executioner's axe "Dauc" (weapon) {freeze, Fly}
   (You took it off a vault warden on level 5 of the Vaults)

   Fly:       It grants you flight.
 V - a +8 vampiric broad axe
Missiles
 j - 8 silver javelins (quivered)
 w - 17 curare-tipped darts
 D - 5 throwing nets
 E - 22 boomerangs
Armour
 l - +12 gold dragon scales (worn)
 o - a +2 pair of gloves (worn)
 G - a +2 cloak of preservation (worn)
 I - the +0 pair of boots "Qeoledoo" (worn) {rF+ Will+ SInv}
   (You found it on level 4 of the Vaults)

   rF:        It protects you from fire.
   SInv:      It lets you see invisible.
   Will:      It increases your willpower.
 T - a +4 tower shield (worn)
 X - a scarf of resistance
Jewellery
 d - the ring of the Distant Future {Will+ Str-3 Dex+5}
   (You took it off an ogre mage on level 5 of the Vaults)

   [ring of willpower]

   Str:       It affects your strength (-3).
   Dex:       It affects your dexterity (+5).
   Will:      It increases your willpower.
 u - a ring of poison resistance
 B - an amulet of regeneration (around neck)
 C - the ring of the Hungering Gods {Will+ Str+3}
   (You found it on level 5 of the Vaults)

   [ring of willpower]

   Str:       It affects your strength (+3).
   Will:      It increases your willpower.
 O - the ring "Petrop" (left hand) {rElec EV+5 Int-3 Dex-3 SInv}
   (You bought it in a shop on level 3 of the Vaults)

   [ring of evasion]

   EV:        It affects your evasion (+5).
   Int:       It affects your intelligence (-3).
   Dex:       It affects your dexterity (-3).
   rElec:     It insulates you from electricity.
   SInv:      It lets you see invisible.
 W - the ring "Vafaidieza" {+Blink rN+++ Will+ Str-2 Dex-3}
   (You found it on level 3 of the Spider Nest)

   [ring of willpower]

   Str:       It affects your strength (-2).
   Dex:       It affects your dexterity (-3).
   rN:        It renders you almost immune to negative energy.
   +Blink:    It lets you blink.
   Will:      It increases your willpower.
 Y - the ring of the Gloaming {Fly rC++}
   (You found it on level 3 of the Elven Halls)

   [ring of flight]

   rC:        It greatly protects you from cold.
   Fly:       It grants you flight.
 Z - the ring "Sethus" (right hand) {Wiz rC+ Will+ Stlth+}
   (You found it on level 3 of the Elven Halls)

   [ring of wizardry]

   It improves your spell success rate.
   rC:        It protects you from cold.
   Will:      It increases your willpower.
   Stlth:     It makes you more stealthy.
Wands
 i - a wand of polymorph (8)
 r - a wand of mindburst (5)
 s - a wand of acid (2)
 y - a wand of roots (61)
 N - a wand of charming (21)
 R - a wand of digging (26)
Scrolls
 g - 8 scrolls of poison
 k - 5 scrolls of fog
 q - 6 scrolls of magic mapping
 x - 4 scrolls of torment
 A - 5 scrolls of fear
 J - 13 scrolls of immolation
 M - 13 scrolls of vulnerability
 U - a scroll of silence
Potions
 b - 4 potions of lignification
 c - 12 potions of ambrosia
 e - a potion of resistance
 f - 25 potions of curing
 h - 16 potions of brilliance
 m - 5 potions of invisibility
 n - 8 potions of attraction
 v - a potion of flight
 z - 3 potions of magic
 L - 2 potions of might
 P - 2 potions of cancellation
 S - 15 potions of mutation
Miscellaneous
 a - a phial of floods
 t - a lightning rod (4/4)
 F - a condenser vane (inert)
 H - a phantom mirror (inert)


   Skills:
 + Level 21.3 Fighting
 - Level 22.9(24.0) Axes
 - Level 12.5(19.1) Polearms
 - Level 5.9 Throwing
 + Level 21.3 Armour
 - Level 19.9 Dodging
 - Level 10.0 Stealth
 + Level 21.9 Shields
 - Level 20.7 Invocations
 * Level 14.9 Evocations


You had 26 spell levels left.
You didn't know any spells.
Your spell library contained the following spells:

 Spells                   Type           Power      Damage    Failure   Level
 Magic Dart               Conj           0%         1d3       86%         1
 Necrotise                Necr           0%         1d4       86%         1
 Sandblast                Erth           0%         2d4       86%         1
 Sting                    Tmut/Pois      0%         1d3       86%         1
 Summon Small Mammal      Summ           0%         N/A       86%         1
 Call Imp                 Summ           0%         N/A       94%         2
 Cigotuvi's Dreadful Rot  Necr/Pois/Air  0%         N/A       94%         2
 Lesser Beckoning         Tloc           0%         N/A       94%         2
 Passwall                 Tmut/Erth      0%         N/A       94%         2
 Poisonous Vapours        Pois/Air       0%         N/A       94%         2
 Call Canine Familiar     Summ           0%         N/A       99%         3
 Dazzling Flash           Conj/Hex       0%         N/A       99%         3
 Frozen Ramparts          Ice            0%         1d1       99%         3
 Gell's Gravitas          Tloc           0%         N/A       99%         3
 Hailstorm                Conj/Ice       0%         3d3       99%         3
 Ignite Poison            Fire/Tmut/Pois 0%         N/A       99%         3
 Inner Flame              Hex/Fire       0%         N/A       99%         3
 Mephitic Cloud           Conj/Pois/Air  0%         N/A       99%         3
 Ozocubu's Armour         Ice            0%         N/A       99%         3
 Portal Projectile        Hex/Tloc       0%         N/A       99%         3
 Summon Guardian Golem    Hex/Summ       0%         N/A       99%         3
 Teleport Other           Tloc           0%         N/A       99%         3
 Tukima's Dance           Hex            0%         N/A       99%         3
 Vampiric Draining        Necr           0%         2d6       99%         3
 Volatile Blastmotes      Fire/Tloc      0%         2d10      99%         3
 Airstrike                Air            0%         2d(0-16)  100%        4
 Anguish                  Hex/Necr       0%         N/A       100%        4
 Animate Armour           Summ/Erth      0%         N/A       100%        4
 Animate Dead             Necr           0%         N/A       100%        4
 Cause Fear               Hex            0%         N/A       100%        4
 Dispel Undead            Necr           0%         3d6       100%        4
 Fulminant Prism          Conj/Hex       0%         3d5       100%        4
 Ice Form                 Ice/Tmut       0%         N/A       100%        4
 Iskenderun's Mystic Bla  Conj/Tloc      0%         2d3       100%        4
 Leda's Liquefaction      Hex/Erth       0%         N/A       100%        4
 Manifold Assault         Tloc           0%         N/A       100%        4
 Olgreb's Toxic Radiance  Pois           0%         N/A       100%        4
 Passage of Golubria      Tloc           0%         N/A       100%        4
 Summon Ice Beast         Ice/Summ       0%         N/A       100%        4
 Agony                    Necr           0%         N/A       100%        5
 Alistair's Intoxication  Tmut/Pois      0%         N/A       100%        5
 Blade Hands              Tmut           0%         N/A       100%        5
 Borgnjor's Vile Clutch   Necr/Erth      0%         N/A       100%        5
 Fireball                 Conj/Fire      0%         3d3       100%        5
 Freezing Cloud           Conj/Ice/Air   0%         6-21      100%        5
 Irradiate                Conj/Tmut      0%         3d11      100%        5
 Iskenderun's Battlesphe  Conj           0%         2d6       100%        5
 Silence                  Hex/Air        0%         N/A       100%        5
 Summon Forest            Summ/Tloc      0%         N/A       100%        5
 Summon Mana Viper        Hex/Summ       0%         N/A       100%        5
 Yara's Violent Unravell  Hex/Tmut       0%         3d3       100%        5
 Conjure Ball Lightning   Conj/Air       0%         3x3d6     100%        6
 Dispersal                Tloc           0%         N/A       100%        6
 Eringya's Noxious Bog    Tmut/Pois      0%         N/A       100%        6
 Iron Shot                Conj/Erth      0%         9d1       100%        6
 Simulacrum               Ice/Necr       0%         N/A       100%        6
 Starburst                Conj/Fire      0%         6d3       100%        6
 Statue Form              Tmut/Erth      0%         N/A       100%        6
 Summon Cactus Giant      Summ           0%         N/A       100%        6
 Dragon Form              Tmut           0%         N/A       100%        7
 Enfeeble                 Hex            0%         N/A       100%        7
 Haunt                    Necr/Summ      0%         N/A       100%        7
 Monstrous Menagerie      Summ           0%         N/A       100%        7
 Orb of Destruction       Conj           0%         9d5       100%        7
 Ozocubu's Refrigeration  Ice            0%         4d7       100%        7
 Spellforged Servitor     Conj/Summ      0%         N/A       100%        7
 Storm Form               Tmut/Air       0%         N/A       100%        7
 Summon Hydra             Summ           0%         N/A       100%        7
 Borgnjor's Revivificati  Necr           0%         N/A       100%        8
 Discord                  Hex            0%         N/A       100%        8
 Disjunction              Tloc           0%         N/A       100%        8
 Ignition                 Fire           0%         3d3       100%        8
 Infestation              Necr           0%         N/A       100%        8
 Lehudib's Crystal Spear  Conj/Erth      0%         10d2      100%        8
 Necromutation            Tmut/Necr      0%         N/A       100%        8
 Death's Door             Necr           0%         N/A       100%        9
 Dragon's Call            Summ           0%         N/A       100%        9
 Shatter                  Erth           0%         3d5*      100%        9
 Swiftness                Air            Unusable   N/A       N/A         3

Dungeon Overview and Level Annotations

Branches:
Dungeon (15/15)            Temple (1/1) D:7            Lair (5/5) D:10
  Swamp (4/4) Lair:2       Spider (4/4) Lair:3        Slime (1/5) Lair:4
    Orc (2/2) D:10            Elf (3/3) Orc:2        Vaults (5/5) D:14
  Crypt (0/3) Vaults:2     Depths (4/4) D:15            Zot (5/5) Depths:4
  Sewer (visited)         Volcano (visited)         Desolation (visited)
Gauntlet (visited)

Altars:
Ashenzari
Cheibriados
Dithmenos
Elyvilon
Fedhas
Gozag
Hepliaklqana
Kikubaaqudgha
Makhleb
Nemelex Xobeh
Okawaru
Qazlal
Ru
Sif Muna
Trog
Uskayaw
Vehumet
Wu Jian
Xom
Yredelemnul
Zin
The Shining One
Jiyva

Shops:
D:2 (   D:3 *   D:4 =   D:6 :   D:8 ?   D:13 *   Orc:2 !*?:   Elf:1 :=
Elf:2 *   Elf:3 [   Vaults:3 =   Vaults:5 !!?   Depths:1 *!

Portals:
Hell: Depths:1 Depths:2 Depths:3 Depths:4
Abyss: Depths:1 Depths:3
Pandemonium: Depths:2 Depths:4
Ziggurat: Depths:3

Annotations:
D:2 1 runed translucent door, Crazy Yiuf
D:4 exclusion: sensed monster (detected)
Lair:1 exclusion: oklob plant
Swamp:3 3 runed translucent doors, exclusion: 3 doors, Baupsome's ghost, adept OgVM; Gokhumny's ghost, adept GnFi
Zot:5 Tiamat


Innate Abilities, Weirdness & Mutations

You cannot be hasted, slowed, berserked, paralysed or teleported.
You can dig through walls and to a lower floor.
You have a pair of large antennae on your head. (SInv)
Your four strong arms can wield two-handed weapons with a shield.
Your mind is acute. (Int +4, Str/Dex -1)
You are clumsy. (Dex -2)
Armour fits poorly on your strangely shaped body.
You occasionally lose the ability to drink potions when taking damage.


Message History

The bolt of acid hits the orb of fire!
The acid corrodes the orb of fire!
The orb of fire is almost destroyed.
The bolt of acid hits the black draconian!!!
The black draconian seems to be corroded for longer.
You kill the black draconian!
Qazlal accepts your kill.
The bolt of acid hits the white draconian!!
The white draconian is almost dead.
The orb of fire glows deep purple.
Strange energies course through your body.
You feel clever.
The black draconian breathes lightning at you.
The bolt of lightning hits you! You resist.
* * * LOW HITPOINT WARNING * * *
The bolt of lightning hits you. You resist.
* * * LOW HITPOINT WARNING * * *
The bolt of lightning hits the black draconian.
The black draconian completely resists.
Tiamat hits you from afar with a +4 heavy bardiche.
* * * LOW HITPOINT WARNING * * *
You take 17 damage, and have 4/228 hp.
Unknown command.
Unknown command.
Unknown command.
Okay, then.
Aiming: Upheaval
Press: ? - help, Dir - move target, f/p - orb of fire
Aim: an orb of fire (almost destroyed, covered in acid)
Okay, then.
You completely miss the orb of fire.
The orb of fire is almost destroyed.
The red draconian scorcher casts a spell at you.
The bolt of magma hits you. You partially resist.
* * * LOW HITPOINT WARNING * * *
You take 1 damage, and have 3/228 hp.
You closely miss the orb of fire.
The orb of fire is almost destroyed.
The orb of fire glows deep purple.
The bolt of fire hits you!! You resist.
You die...

###...÷)#..##......#⌠#...###?.#..
...)..#.#...###....###.#..###....
.))).##...#.#.##....####..#......
.....###.##....#...?..#.))#.....#
..#####.....######.......<)...###
.## ##..###.{.{....###.)....# ##
##.....#..##### #....###
▓########.######## *######****
#............d*@# **,,{{,,{,,,
*#..........q§☼## **,,{{{{{,,,,
#...........dd# **,,{{{{,,,,,,
##.^.....)°§.## *,,,,{{{,,,,,,
#........§.§# *,,,,,,,,,,,,,
##..........$## *,,,{,,,,,^,,,
#...........§§# *,,,,,,,,,,,,,
*#.....?.....{{## *,,,,,,,,,,,,,
*#.............{§##*,,,,^,,,,,,,,


You could see Tiamat, an orb of fire (corroded), a black draconian (poisoned), a
white draconian (corroded) and a red draconian scorcher.

Vanquished Creatures
  A dread lich (Vaults:4)
  An ancient lich (Zot:2)
  Vv (Zot:4)
  A caustic shrike (Depths:3)
  3 golden dragons
  Arachne (Spider:2)
  22 tentacled monstrosities
  3 electric golems
  7 Orb Guardians (Zot:5)
  A walking crystal tome (Depths:2)
  3 titans (Vaults:5)
  2 deep elf master archers (Elf:3)
  Asterion (Spider:1)
  9 quicksilver dragons
  13 liches
  8 death cobs
  A walking frostbound tome (Depths:2)
  A deep elf blademaster (Elf:3)
  6 sphinxes
  11 shadow dragons
  Gastronok (D:10)
  Kirke (D:14)
  6 tengu reavers
  20 storm dragons
  3 thorn hunters
  Roxanne (Spider:4)
  12 deep elf sorcerers
  7 fire giants
  3 emperor scorpions
  2 draconian monks (Zot:3)
  10 frost giants
  14 vault wardens
  5 draconian knights
  3 imperial myrmidons (Desolation)
  Louise (Elf:1)
  A balrug (Depths:3)
  8 draconian scorchers
  10 ghost moths
  Aizul (Vaults:2)
  8 draconian shifters
  3 draconian stormcallers
  A spriggan defender (Depths:2)
  An iron dragon (Depths:2)
  6 deep elf elementalists
  2 angels (Vaults:4)
  4 draconian annihilators
  A broodmother (Spider:1)
  28 very ugly things
  An orc warlord (Vaults:3)
  4 vampire knights
  2 war gargoyles
  24 ironbound preservers
  13 green draconians
  21 stone giants
  8 deep elf demonologists
  9 ironbound thunderhulks
  11 black draconians
  10 dire elephants
  11 deep elf annihilators
  7 yellow draconians
  3 eleionomae
  6 spark wasps
  3 bunyips
  21 purple draconians
  14 red draconians
  12 white draconians
  A minotaur (Gauntlet)
  4 crystal guardians
  6 deep elf death magi
  5 great orbs of eyes
  Snorg (Orc:1)
  8 fire dragons
  13 ettins
  4 ragged hierophants (Desolation)
  2 shambling mangroves (Swamp:4)
  7 entropy weavers
  12 yaktaur captains
  Josephine (Spider:1)
  3 rakshasas
  9 servants of whispers (Desolation)
  40 vault guards
  5 deep elf high priests
  12 peacekeepers
  5 ogre magi
  22 centaur warriors
  A ghost crab (Swamp:1)
  15 hydras
  2 spriggan air magi (Depths:3)
  2 catoblepae
  7 ice dragons
  Erica (Lair:2)
  5 jorogumos
  3 radroaches (Spider:3)
  12 ironbound frosthearts
  13 boulder beetles
  24 dancing weapons
  8 alligators
  2 two-headed ogres (shapeshifter) (Vaults:5)
  7 deep troll shamans
  13 tengu warriors
  12 two-headed ogres
  8 death yaks
  A vampire mage (Zot:2)
  10 deep troll earth magi
  10 spriggan berserkers
  5 orc high priests (Orc:2)
  15 spriggans
  24 deep elf knights
  A sun demon (Depths:4)
  9 hell knights
  10 iron trolls
  3 sun moths (Spider:1)
  14 pharaoh ants
  A skeletal warrior (D:13)
  A fire crab (Gauntlet)
  A skyshark (Lair:5)
  A death drake (Swamp:1)
  4 flayed ghosts
  5 goliath frogs
  20 deep elf archers
  A spriggan druid (Swamp:4)
  2 glowing orange brains
  82 deep trolls
  A fire crab (shapeshifter) (Elf:2)
  A golden dragon zombie (Vaults:4)
  4 bog bodies
  14 orb spiders
  An orange crystal statue (Elf:1)
  9 swamp dragons
  9 lindwurms
  3 spectral hydras (Swamp:4)
  21 necromancers
  26 ironbound convokers
  3 wizards
  6 steelbarb worms
  12 orc knights
  A harpy (shapeshifter) (Elf:3)
  A tengu zombie (Vaults:4)
  5 harpies (Vaults:3)
  31 deep elf pyromancers
  6 phantasmal warriors
  34 deep elf zephyrmancers
  28 wolf spiders
  3 orc sorcerers
  3 oklob plants (Swamp:4)
  A mana viper (shapeshifter) (Vaults:5)
  2 manticores
  A human zombie (Vaults:1)
  5 will-o-the-wisps
  3 salamanders (Volcano)
  21 ugly things
  13 cyclopes
  35 moths of wrath
  3 elephants (Lair:4)
  A guardian serpent (shapeshifter) (D:15)
  18 vault sentinels
  2 gargoyles (Volcano)
  2 black mambas
  6 torpor snails
  A torpor snail (shapeshifter) (Depths:2)
  7 demonic crawlers
  7 guardian serpents (Desolation)
  2 rust devils
  2 smoke demons (Depths:3)
  5 molten gargoyles
  A hellion (Depths:4)
  3 kobold demonologists
  An unseen horror (D:12)
  18 cane toads
  Psyche (D:9)
  7 komodo dragons
  4 efreet
  38 yaktaurs
  2 rime drakes
  An elf skeleton (Vaults:5)
  A freezing wraith (Vaults:5)
  A komodo dragon (shapeshifter) (Vaults:5)
  9 tengu conjurers
  A human skeleton (Vaults:5)
  6 meliai
  A queen bee (Spider:1)
  13 trolls
  10 tyrant leeches
  A polar bear (Lair:5)
  2 death drake zombies (Swamp:4)
  5 hydra zombies (Swamp:4)
  A hellwing (Depths:4)
  A tarantella (shapeshifter) (D:15)
  A hydra skeleton (Swamp:4)
  26 tarantellas
  24 hornets
  2 raiju (shapeshifter)
  4 dream sheep
  63 saltlings (Desolation)
  A fire giant simulacrum (Vaults:4)
  2 human simulacra
  A dream sheep (shapeshifter) (Elf:2)
  37 slime creatures
  30 blink frogs
  2 air elementals
  3 large abominations (Gauntlet)
  A centaur simulacrum (D:14)
  A slime creature (shapeshifter) (Vaults:5)
  49 jumping spiders
  A ynoxinul (Gauntlet)
  31 culicivoras
  4 wraiths
  4 water elementals
  8 wyverns
  2 shadows
  40 yaks
  2 basilisks
  2 fire elementals
  A yaktaur simulacrum (Vaults:1)
  18 vampire mosquitoes
  A hog (shapeshifter) (Elf:2)
  Grum (D:8)
  10 fire bats
  A steam dragon (D:7)
  51 redbacks
  3 wargs
  15 swamp worms
  An acid dragon (D:12)
  A glowing shapeshifter zombie (Vaults:1)
  14 water moccasins
  2 floating eyes
  A floating eye (shapeshifter) (Elf:1)
  34 orc warriors
  6 small abominations (Gauntlet)
  3 hydra simulacra (Swamp:4)
  A sky beast (D:6)
  10 swamp drakes
  2 black bears
  A swamp dragon zombie (Swamp:4)
  A tengu (shapeshifter) (D:13)
  A wolf (shapeshifter) (D:13)
  6 wolves
  2 swamp dragon skeletons (Swamp:4)
  19 ogres
  15 centaurs
  A phantom (D:6)
  9 kobold brigands
  19 bullfrogs
  5 earth elementals
  3 scorpions
  12 wights
  19 killer bees
  2 electric eels
  2 howler monkeys
  3 hounds
  6 jellies
  27 orc priests
  4 iron imps (Gauntlet)
  2 sleepcaps
  An iguana (D:6)
  15 orc wizards
  A hell rat (D:10)
  Robin (D:4)
  7 gnolls
  12 river rats
  3 adders
  A shadow imp (D:6)
  A white imp (D:7)
  2 ufetubi (D:5)
  5 worms
  3 dart slugs (D:1)
  64 orcs
  12 ball pythons
  10 endoplasms
  7 giant cockroaches
  9 goblins
  8 hobgoblins
  6 jackals
  31 kobolds
  12 quokkas
  8 bats
  4 frilled lizards
  26 rats
  7 briar patches (Swamp:4)
2373 creatures vanquished.

Vanquished Creatures (collateral kills)
  An orb of fire (Zot:5)
  Parghit (Zot:1)
  A golden dragon (Zot:1)
  A quicksilver dragon (Zot:2)
  A deep elf blademaster (Elf:2)
  A sphinx (Vaults:3)
  A vault warden (Vaults:3)
  A frost giant (Depths:3)
  A hydra zombie (Swamp:4)
  A ghost moth (Zot:1)
  A draconian scorcher (Zot:4)
  3 ironbound preservers
  2 very ugly things (Vaults:1)
  A broodmother (Spider:2)
  A stone giant (Vaults:5)
  A black draconian (Zot:2)
  3 purple draconians (Zot:2)
  A green draconian (Zot:4)
  A yaktaur captain (Vaults:5)
  An entropy weaver (Vaults:5)
  A vault guard (Vaults:5)
  2 hydras (Lair:3)
  A two-headed ogre (Vaults:5)
  5 deep trolls
  A flayed ghost (Depths:3)
  4 ironbound convokers
  A spriggan druid (Swamp:4)
  2 steelbarb worms
  2 wolf spiders (Spider:2)
  A moth of wrath (Zot:2)
  A torpor snail (Spider:4)
  2 vault sentinels (Vaults:5)
  4 cane toads (Lair:5)
  2 molten gargoyles (Volcano)
  A komodo dragon (Lair:2)
  3 yaktaurs
  6 blink frogs
  A tarantella (Spider:3)
  A slime creature (Vaults:1)
  A jumping spider (Spider:3)
  A spriggan (Lair:3)
  3 yaks (Lair:5)
  3 redbacks
  A water moccasin (Lair:2)
  A boggart (shapeshifter) (Vaults:5)
  An ogre (Vaults:5)
  A bullfrog (Lair:3)
  An orc (Orc:2)
79 creatures vanquished.

Vanquished Creatures (others)
  A fire giant (Depths:2)
  A draconian knight (Zot:2)
  An ironbound thunderhulk (Vaults:4)
  A deep elf demonologist (Elf:3)
  A deep elf knight (Elf:3)
  A spriggan (Swamp:2)
  2 ironbound convokers (Vaults:3)
  A deep elf zephyrmancer (Elf:2)
  A hornet (Swamp:2)
  A tyrant leech (Swamp:2)
  A human (D:14)
  2 briar patches (Swamp:4)
  A bush (Lair:5)
  16 foxfires
  20 fungi
  112 plants
  A withered plant (D:3)
164 creatures vanquished.

Grand Total: 2616 creatures vanquished

Notes
Turn   | Place    | Note
-------+----------+-------------------------------------------
     0 | D:1      | KimchiStew the Formicid Monk began the quest for the Orb.
     0 | D:1      | Reached XP level 1. HP: 18/18 MP: 1/1
   236 | D:1      | Reached XP level 2. HP: 24/24 MP: 2/2
   575 | D:1      | Reached XP level 3. HP: 20/29 MP: 3/3
  1720 | D:2      | Found Buwk's Weapon Shop.
  1795 | D:2      | Reached XP level 4. HP: 33/35 MP: 4/4
  2293 | D:2      | Found a runed translucent door.
  2294 | D:2      | Noticed Crazy Yiuf
  2646 | D:3      | Found a basalt altar of Yredelemnul.
  2654 | D:3      | Identified the +4 scale mail of the Frog {rC++ Int-4}
  2722 | D:3      | Reached skill level 5 in Polearms
  2722 | D:3      | Reached XP level 5. HP: 41/41 MP: 5/5
  2762 | D:3      | Found a glowing drain.
  2766 | Sewer    | Entered a sewer
  2902 | Sewer    | Noticed a kobold brigand
  2916 | Sewer    | Killed a kobold brigand
  2917 | Sewer    | Reached skill level 5 in Fighting
  2917 | Sewer    | Reached XP level 6. HP: 51/51 MP: 6/6
  2986 | Sewer    | Found a white marble altar of Elyvilon.
  3282 | D:3      | Identified the +5 ring mail of Vanity {Harm +Inv rElec
                  | rPois}
  3330 | D:3      | Found Cemiom's Assorted Antiques.
  3335 | D:3      | Bought a scroll of identify for 54 gold pieces
  3983 | D:4      | Reached XP level 7. HP: 41/57 MP: 7/7
  4206 | D:4      | Found Tiyr's Jewellery Shop.
  4339 | D:4      | Found a snail-covered altar of Cheibriados.
  4453 | D:4      | Noticed Robin
  4471 | D:4      | Killed Robin
  5289 | D:5      | Entered Level 5 of the Dungeon
  5964 | D:6      | Reached XP level 8. HP: 64/64 MP: 8/8
  6309 | D:6      | Found Tudocs's Tiny Tomes.
  6654 | D:6      | Reached XP level 9. HP: 64/69 MP: 9/9
  6693 | D:6      | Reached skill level 10 in Polearms
  7017 | D:7      | Reached skill level 1 in Evocations
  7057 | D:7      | Reached skill level 1 in Throwing
  7057 | D:7      | Reached skill level 1 in Armour
  7213 | D:7      | Noticed a hornet
  7218 | D:7      | Killed a hornet
  7429 | D:7      | Found a staircase to the Ecumenical Temple.
  7452 | Temple   | Entered the Ecumenical Temple
  7550 | Temple   | Became a worshipper of Qazlal Stormbringer
  7550 | Temple   | Reached * piety under Qazlal
  7550 | Temple   | Reached ** piety under Qazlal
  7847 | D:8      | Reached skill level 1 in Invocations
  7858 | D:8      | Reached XP level 10. HP: 80/80 MP: 10/10
  7867 | D:8      | Noticed Grum
  7879 | D:8      | Killed Grum
  7983 | D:8      | Noticed a two-headed ogre
  7989 | D:8      | Killed a two-headed ogre
  8064 | D:8      | Found a shimmering blue altar of Sif Muna.
  8115 | D:8      | Found Qaog Hiz's Magic Scroll Emporium.
  8138 | D:8      | Bought a scroll of immolation for 52 gold pieces
  8138 | D:8      | Bought a scroll of identify for 26 gold pieces
  8138 | D:8      | Bought a scroll of vulnerability for 52 gold pieces
  8138 | D:8      | Bought a scroll of identify for 26 gold pieces
  8302 | D:8      | Found an ornate altar of the Wu Jian Council.
  8752 | D:9      | Reached skill level 5 in Evocations
  8796 | D:9      | Reached XP level 11. HP: 73/89 MP: 14/14
  8930 | D:9      | Noticed Psyche
  8940 | D:9      | Killed Psyche
  8942 | D:9      | Noticed a two-headed ogre
  8952 | D:9      | Killed a two-headed ogre
  8953 | D:9      | Reached skill level 5 in Invocations
  9409 | D:10     | Entered Level 10 of the Dungeon
  9409 | D:10     | Found a staircase to the Orcish Mines.
  9430 | D:10     | Noticed a death yak
  9434 | D:10     | Noticed a death yak
  9440 | D:10     | Noticed a death yak
  9442 | D:10     | Killed a death yak
  9443 | D:10     | Reached skill level 10 in Fighting
  9448 | D:10     | Killed a death yak
  9452 | D:10     | Reached *** piety under Qazlal
  9458 | D:10     | Killed a death yak
  9479 | D:10     | Found a staircase to the Lair.
  9580 | D:10     | Found an iron altar of Okawaru.
  9595 | D:10     | Found a hide-covered altar of Uskayaw.
  9597 | D:10     | Noticed a +0 dagger
  9597 | D:10     | Noticed a +0 hand axe
  9626 | D:10     | Found a glowing golden altar of the Shining One.
  9628 | D:10     | Found a hazy altar of Hepliaklqana.
  9874 | D:10     | Reached XP level 12. HP: 99/99 MP: 17/17
  9929 | D:10     | Found an opulent altar of Gozag.
 10111 | D:10     | Found a glowing silver altar of Zin.
 10124 | D:10     | You fall into a shaft and drop 1 floor!
 10517 | D:11     | Reached skill level 5 in Armour
 10617 | D:11     | Reached **** piety under Qazlal
 10763 | D:11     | Noticed a two-headed ogre
 10775 | D:11     | Killed a two-headed ogre
 10808 | D:11     | Noticed a boulder beetle
 10831 | D:11     | Killed a boulder beetle
 11291 | Lair:1   | Entered Level 1 of the Lair of Beasts
 11291 | Lair:1   | Noticed Gastronok
 11331 | D:10     | Killed Gastronok
 11488 | Lair:1   | Reached XP level 13. HP: 104/108 MP: 20/20
 11608 | Lair:1   | Found an iron altar of Okawaru.
 11693 | Lair:1   | Found a dark tunnel.
 11699 | Volcano  | Entered a volcano
 11739 | Volcano  | Reached skill level 10 in Invocations
 11960 | Volcano  | Reached skill level 1 in Axes
 11975 | Volcano  | Reached skill level 2 in Axes
 12001 | Volcano  | Reached skill level 3 in Axes
 12164 | Volcano  | Noticed an orb of fire
 12182 | Volcano  | Noticed an orb of fire
 12362 | Lair:1   | Noticed a catoblepas
 12379 | Lair:1   | Killed a catoblepas
 12380 | Lair:1   | Reached skill level 4 in Axes
 12948 | Lair:2   | Reached skill level 5 in Axes
 12960 | Lair:2   | Found a staircase to the Swamp.
 13345 | Lair:1   | Reached skill level 6 in Axes
 13537 | Lair:2   | Noticed Erica
 13555 | Lair:2   | Killed Erica
 13556 | Lair:2   | Reached XP level 14. HP: 110/118 MP: 22/22
 13869 | Lair:3   | Reached skill level 7 in Axes
 13876 | Lair:3   | Found a gate leading to a gauntlet.
 13893 | Lair:3   | Found a hole to the Spider Nest.
 13937 | Gauntlet | Entered a Gauntlet
 13937 | Gauntlet | Found a transporter.
 13944 | Gauntlet | Found a transporter.
 13947 | Gauntlet | Found a transporter.
 13948 | Gauntlet | Found a transporter.
 13956 | Gauntlet | Found a transporter.
 13959 | Gauntlet | Found a transporter.
 13960 | Gauntlet | Found a transporter.
 13967 | Gauntlet | Found a runed translucent door.
 13971 | Gauntlet | Found a transporter.
 13972 | Gauntlet | Found a transporter.
 13980 | Gauntlet | Found a transporter.
 13980 | Gauntlet | Found a transporter.
 13983 | Gauntlet | Found a transporter.
 13984 | Gauntlet | Found a transporter.
 13993 | Gauntlet | Found a transporter.
 14159 | Gauntlet | Reached skill level 8 in Axes
 14470 | Gauntlet | Identified the amulet "Vopismon" {Acrobat rPois}
 14566 | Gauntlet | Noticed a minotaur
 14574 | Gauntlet | Killed a minotaur
 14574 | Gauntlet | Reached ***** piety under Qazlal
 14582 | Gauntlet | Got the Commentary on Arcane Combat
 15320 | Lair:3   | Reached skill level 10 in Axes
 15320 | Lair:3   | Reached XP level 15. HP: 126/126 MP: 24/24
 15502 | Lair:4   | Reached skill level 11 in Axes
 15515 | Lair:4   | Found a staircase to the Slime Pits.
 15696 | Lair:4   | Found a viscous altar of Jiyva.
 16280 | Lair:5   | Entered Level 5 of the Lair of Beasts
 16280 | Lair:5   | Found a hide-covered altar of Uskayaw.
 16300 | Lair:5   | Reached skill level 12 in Axes
 16304 | Lair:5   | Reached XP level 16. HP: 82/134 MP: 13/26
 16617 | Lair:5   | Reached skill level 15 in Fighting
 17199 | Lair:5   | Found an ornate altar of the Wu Jian Council.
 17588 | Orc:1    | Entered Level 1 of the Orcish Mines
 17589 | Orc:1    | Noticed Sonja
 17597 | Orc:1    | Sonja changed into Sonja the blink frog
 17597 | Orc:1    | Noticed Sonja
 17605 | Orc:1    | Killed Sonja the blink frog
 17703 | Orc:1    | Noticed Snorg
 17710 | Orc:1    | Killed Snorg
 17960 | Orc:2    | Entered Level 2 of the Orcish Mines
 18100 | Orc:2    | Found a staircase to the Elven Halls.
 18433 | Orc:2    | Reached skill level 10 in Armour
 18510 | Orc:2    | Found Quoral's Book Boutique.
 18510 | Orc:2    | Found Dorug's Distillery.
 18511 | Orc:2    | Found Yngeqyoc's Magic Scroll Shop.
 18511 | Orc:2    | Found Huoseig's General Store.
 18520 | Orc:2    | Bought a scroll of identify for 26 gold pieces
 18521 | Orc:2    | Bought a scroll of summoning for 123 gold pieces
 18524 | Orc:2    | Bought a potion of attraction for 48 gold pieces
 18524 | Orc:2    | Bought a potion of heal wounds for 80 gold pieces
 18524 | Orc:2    | Bought a potion of heal wounds for 80 gold pieces
 18524 | Orc:2    | Bought a potion of brilliance for 64 gold pieces
 18524 | Orc:2    | Bought 2 potions of brilliance for 128 gold pieces
 19021 | D:12     | Reached skill level 15 in Invocations
 20045 | D:13     | Reached XP level 17. HP: 106/142 MP: 28/28
 20314 | D:13     | Reached skill level 5 in Dodging
 20328 | D:13     | Reached ****** piety under Qazlal
 20665 | D:13     | Identified the amulet "Qor Yvam" {Acrobat MP+9}
 21148 | D:13     | Found Udim's Fire Supplies.
 21154 | D:13     | Bought a scroll of immolation for 72 gold pieces
 21649 | D:14     | Found a gate to the Vaults.
 21666 | D:14     | Noticed Kirke
 21697 | D:14     | Killed Kirke
 22253 | D:15     | Entered Level 15 of the Dungeon
 22732 | D:15     | Reached XP level 18. HP: 145/149 MP: 29/29
 22854 | D:15     | Reached skill level 15 in Armour
 23167 | D:15     | Found a staircase to the Depths.
 23389 | Slime:1  | Entered Level 1 of the Pits of Slime
 23390 | Slime:1  | Noticed an acid blob
 23444 | Spider:1 | Entered Level 1 of the Spider Nest
 23620 | Spider:1 | Reached skill level 13 in Axes
 23740 | Spider:1 | Noticed Josephine
 23755 | Spider:1 | Killed Josephine
 24237 | Spider:1 | Noticed Asterion
 24240 | Spider:1 | Noticed an Executioner
 24255 | Spider:1 | Killed Asterion
 24599 | Spider:2 | Noticed Arachne
 24720 | Spider:2 | Killed Arachne
 25142 | Spider:2 | Reached skill level 14 in Axes
 25492 | Spider:2 | Found a transporter.
 25492 | Spider:2 | Found a transporter.
 25538 | Spider:2 | Reached XP level 19. HP: 115/157 MP: 30/30
 25553 | Spider:2 | Got the +1 pair of boots of Lethargy {rElec}
 26678 | Spider:3 | Identified the ring "Vafaidieza" {+Blink rN+++ Will+ Str-2
                  | Dex-3}
 27549 | Spider:4 | Entered Level 4 of the Spider Nest
 27552 | Spider:4 | Reached skill level 15 in Axes
 27922 | Spider:4 | Identified Roxanne's Guide on the Geologist
 27922 | Spider:4 | Noticed Roxanne
 28646 | Spider:4 | Reached skill level 16 in Axes
 29080 | Spider:4 | Got a gossamer rune of Zot
 29192 | Spider:4 | Reached XP level 20. HP: 129/162 MP: 28/31
 29536 | Spider:4 | Killed Roxanne
 29784 | Swamp:1  | Entered Level 1 of the Swamp
 29961 | D:4      | Bought a ring of protection from cold for 275 gold pieces
 30212 | Swamp:1  | Reached skill level 17 in Axes
 31199 | Swamp:2  | Reached skill level 18 in Axes
 31447 | Swamp:2  | Identified the +9 great sword of Turmoil {drain, rC+}
 31587 | Swamp:3  | Noticed Gokhumny's ghost (adept GnFi)
 31587 | Swamp:3  | Noticed Baupsome's ghost (adept OgVM)
 31587 | Swamp:3  | Found a runed translucent gate.
 31587 | Swamp:3  | Found a runed translucent gate.
 31587 | Swamp:3  | Found a runed translucent gate.
 31589 | Swamp:3  | Noticed Gokhumny's ghost (adept GnFi)
 32131 | Swamp:4  | Entered Level 4 of the Swamp
 32862 | Swamp:4  | Found a blossoming altar of Fedhas.
 32870 | Swamp:4  | Found a basalt altar of Yredelemnul.
 32894 | Swamp:4  | Got a decaying rune of Zot
 33120 | Swamp:4  | Reached skill level 5 in Throwing
 33388 | Swamp:4  | Reached XP level 21. HP: 178/178 MP: 32/32
 33615 | Vaults:1 | Entered Level 1 of the Vaults
 33966 | Vaults:1 | Identified the +5 shortbow "Loimetz" {flame, rCorr MP+9}
 34167 | Vaults:1 | Reached skill level 1 in Shields
 34238 | Vaults:1 | Identified the +3 quarterstaff of Law {freeze, rN+ Will-
                  | Int+3 Dex+3}
 34489 | Vaults:1 | Reached skill level 5 in Shields
 35480 | Vaults:2 | Reached skill level 10 in Dodging
 35748 | Vaults:2 | Reached skill level 10 in Shields
 36041 | Vaults:2 | Reached XP level 22. HP: 187/187 MP: 33/33
 36754 | Vaults:2 | Found a staircase to the Crypt.
 36754 | Vaults:2 | Found a basalt altar of Yredelemnul.
 36754 | Vaults:2 | Found an ancient bone altar of Kikubaaqudgha.
 37977 | Vaults:3 | Noticed Aizul
 37992 | Vaults:2 | Killed Aizul
 38137 | Vaults:3 | Reached skill level 15 in Shields
 38432 | Vaults:3 | Found Disonil's Jewellery Shoppe.
 38437 | Vaults:3 | Bought the ring "Petrop" {rElec EV+5 Int-3 Dex-3 SInv} for
                  | 790 gold pieces
 39415 | Vaults:4 | Reached XP level 23. HP: 158/194 MP: 34/34
 39569 | Vaults:4 | Found a crumbling gateway.
 39571 | Vaults:4 | Found a white marble altar of Elyvilon.
 39571 | Vaults:4 | Found a glowing golden altar of the Shining One.
 39586 | Vaults:4 | Found a glowing silver altar of Zin.
 39605 | Desolati | Entered the Desolation of Salt
 39882 | Desolati | Reached skill level 1 in Stealth
 40113 | Desolati | Found the +7 lajatang of Order {silver, rMut}
 40169 | Desolati | Identified the +3 robe of Ompane Qiod {Harm rC+}
 40170 | Desolati | Identified the ring of Wuhaodergh {rC+ Int+5 Dex+2}
 40196 | Desolati | Identified the staff of death "Kegar" {rN+ Str+4}
 40255 | Desolati | Identified the ring "Feenit" {Fly rC++ rN+ Str-5 Int+6}
 40397 | Desolati | Got the Atlas of the Lungs and Companions
 40402 | Desolati | Identified the +2 short sword of Honour {heavy, *Corrode
                  | rPois Dex+5}
 41508 | Vaults:4 | Reached skill level 5 in Stealth
 41744 | Vaults:4 | Identified the +0 pair of boots "Qeoledoo" {rF+ Will+ SInv}
 42064 | Elf:1    | Entered Level 1 of the Elven Halls
 42207 | Elf:1    | Noticed Louise
 42232 | Elf:1    | Killed Louise
 42249 | Elf:1    | Found Uveit's One-of-a-Kind Rings.
 42380 | Elf:1    | Reached XP level 24. HP: 196/202 MP: 35/35
 42423 | Elf:1    | Got the Grimoire of Topography and the Nimbus
 42427 | Elf:1    | Identified the ring "Pengu" {rPois Will- rCorr Str+2 SInv}
 42572 | Elf:1    | Found Dopp's Tremendous Tomes.
 42631 | Elf:1    | Identified the +3 robe "Rosua" {Rampage rElec}
 43675 | Elf:2    | Found a runed translucent gate.
 43675 | Elf:2    | Found a runed translucent gate.
 43675 | Elf:2    | Found a runed translucent gate.
 43758 | Elf:2    | Found Hokhopoh's General Store.
 43761 | Elf:2    | Bought a scroll of acquirement for 728 gold pieces
 43761 | Elf:2    | Bought a scroll of immolation for 56 gold pieces
 43761 | Elf:2    | Bought a scroll of vulnerability for 56 gold pieces
 43761 | Elf:2    | Acquired a manual of Dodging
 44729 | Elf:3    | Entered Level 3 of the Elven Halls
 44729 | Elf:3    | Found Nikhuc's Antique Armour Emporium.
 45374 | Elf:3    | Identified the amulet of Ucitonack {Reflect rN+ Will++
                  | Str-4 SH+5}
 45379 | Elf:3    | Identified the +12 glaive of the Walnut {elec, rC- rCorr
                  | MP+9 Str+4}
 45381 | Elf:3    | Identified the +3 arbalest of the Mashing Gods {speed,
                  | Contam rPois rF+ Str+2}
 45383 | Elf:3    | Reached XP level 25. HP: 166/210 MP: 36/36
 45383 | Elf:3    | Identified the +2 morningstar of Ixtiden {venom, *Corrode
                  | rC+ Str+5}
 45384 | Elf:3    | Identified the +6 long sword "Ant's Doom" {holy, rElec
                  | rPois}
 45554 | Elf:3    | Identified the ring "Sethus" {Wiz rC+ Will+ Stlth+}
 45561 | Elf:3    | Identified the staff of poison "Yshrov" {rPois rF+}
 45582 | Elf:3    | Got the Directory of the Familiar
 45586 | Elf:3    | Got Vojukkea's Elucidation of Moving Transfiguration
 45587 | Elf:3    | Identified the staff of fire "Gaym" {Drain rF+ rC++ rCorr
                  | MP+9}
 45590 | Elf:3    | Identified the ring of the Gloaming {Fly rC++}
 45598 | Elf:3    | Got Gat Rula's Precepts of the Missiles and Algor
 45677 | Elf:3    | Identified the staff of air "Qutoistahi" {rElec rF++}
 45680 | Elf:3    | Identified the staff of poison "Huca" {rPois Dex+2}
 46348 | Vaults:5 | Entered Level 5 of the Vaults
 46362 | Vaults:5 | Reached skill level 10 in Stealth
 46381 | Vaults:5 | Noticed a dread lich
 46382 | Vaults:5 | Reached skill level 15 in Dodging
 46409 | Vaults:4 | Killed a dread lich
 46716 | Vaults:5 | Reached skill level 19 in Axes
 46759 | Vaults:5 | Identified the ring of the Distant Future {Will+ Str-3
                  | Dex+5}
 46858 | Vaults:5 | Reached XP level 26. HP: 182/217 MP: 36/36
 46907 | Vaults:5 | Identified the +6 battleaxe "Qiwuataph" {drain, *Rage
                  | +Blink Str+5}
 47020 | Vaults:5 | Identified the +2 executioner's axe "Dauc" {freeze, Fly}
 47086 | Vaults:5 | Got a silver rune of Zot
 47269 | Vaults:5 | Found Jeire's Magic Scroll Shoppe.
 47274 | Vaults:5 | Bought a scroll of enchant armour for 135 gold pieces
 47274 | Vaults:5 | Bought a scroll of enchant armour for 135 gold pieces
 47289 | Vaults:5 | Found Uhuika's Distillery.
 47294 | Vaults:5 | Bought a potion of might for 80 gold pieces
 47294 | Vaults:5 | Bought a potion of might for 80 gold pieces
 47294 | Vaults:5 | Bought a potion of curing for 60 gold pieces
 47294 | Vaults:5 | Bought a potion of cancellation for 160 gold pieces
 47294 | Vaults:5 | Bought a potion of invisibility for 160 gold pieces
 47294 | Vaults:5 | Bought a potion of curing for 60 gold pieces
 47357 | Vaults:5 | Identified the +4 trident of Valour {venom, rC+}
 47417 | Vaults:5 | Found Soor's Distillery.
 47437 | Vaults:5 | Bought a potion of brilliance for 52 gold pieces
 47437 | Vaults:5 | Bought a potion of invisibility for 104 gold pieces
 47437 | Vaults:5 | Bought a potion of lignification for 39 gold pieces
 47437 | Vaults:5 | Bought a potion of heal wounds for 65 gold pieces
 47554 | Vaults:5 | Identified the +7 morningstar of Sharkskin {freeze, MP+9}
 47957 | Vaults:5 | Identified the ring of the Hungering Gods {Will+ Str+3}
 48323 | Depths:1 | Entered Level 1 of the Depths
 48427 | Depths:1 | Found a glowing silver altar of Zin.
 48435 | Depths:1 | Found Usapt's Assorted Antiques.
 48495 | Depths:1 | Found a one-way gate to the infinite horrors of the Abyss.
 48546 | Depths:1 | Found a gateway to Hell.
 48693 | Depths:1 | Found Xedev's Distillery.
 48827 | Depths:1 | Found an iron altar of Okawaru.
 49769 | Depths:2 | Reached skill level 20 in Axes
 50121 | Depths:2 | Found a one-way gate leading to the halls of Pandemonium.
 50462 | Depths:3 | Reached XP level 27. HP: 223/224 MP: 28/36
 50786 | Depths:3 | Got the Tome of Ectoplasm and Breath
 51096 | Depths:3 | Identified the +5 short sword "Lunyecw" {flame, rPois}
 51308 | Depths:3 | Found a one-way gateway to a ziggurat.
 51666 | Depths:4 | Entered Level 4 of the Depths
 51926 | Depths:4 | Found a gate to the Realm of Zot.
 52052 | Depths:4 | Reached skill level 21 in Axes
 52896 | Zot:1    | Entered Level 1 of the Realm of Zot
 52944 | Zot:1    | Reached skill level 22 in Axes
 53315 | Zot:1    | Noticed Parghit
 53371 | Zot:1    | Killed Parghit
 54880 | Zot:2    | Identified the +3 trident "Nacluago" {venom, rElec rPois
                  | rC- rCorr}
 54904 | Zot:2    | Got the Annotations on Deathly Frostbite
 55238 | Zot:2    | Noticed an ancient lich
 55260 | Zot:2    | Killed an ancient lich
 55690 | Zot:3    | Reached skill level 10 in Evocations
 55994 | Zot:3    | Identified the +0 leather armour "Sumivve" {Str+3 Int+3}
 56423 | Zot:4    | Noticed Vv
 56489 | Zot:4    | Killed Vv
 58289 | Zot:5    | Entered Level 5 of the Realm of Zot
 58990 | Zot:5    | Noticed an orb of fire
 58993 | Zot:5    | Noticed a Killer Klown
 58998 | Zot:5    | Noticed an orb of fire
 59012 | Zot:5    | Gained mutation: You are clumsy. (Dex -2) [an orb of fire]
 59022 | Zot:5    | Found the +4 dragonskin cloak
 59022 | Zot:5    | Noticed Tiamat
 59028 | Zot:5    | Gained mutation: You occasionally lose the ability to drink
                  | potions when taking damage. [an orb of fire]
 59034 | Zot:5    | Killed an orb of fire
 59041 | Zot:5    | Gained mutation: Armour fits poorly on your strangely
                  | shaped body. [an orb of fire]
 59045 | Zot:5    | Gained mutation: Your mind is acute. (Int +4, Str/Dex -1)
                  | [an orb of fire]
 59045 | Zot:5    | HP: 10/228 [black draconian/bolt of lightning[Tiamat] (2)]
 59045 | Zot:5    | HP: 4/228 [Tiamat/+4 heavy bardiche (6)]
 59047 | Zot:5    | Killed from afar by an orb of fire

Illustrated notes

Levels and vault maps discovered:
D:1:      dpeg_arrival_boxes_within_box, layout_loops_corners
D:2:      layout_loops_cross, serial_shops, shop_coins, uniq_crazy_yiuf_cottage
D:3:      layout_loops_ring, yredelemnul_altar_generic, gup_sewer_entry_spiral,
          serial_shops, nicolae_shop_pleasant_corner_grove, grunt_decor_junction
D:4:      layout_gridville, lemuel_tele_altar, serial_shops, shop, uniq_robin
D:5:      layout_loops_ring, kennysheep_doodads
D:6:      lemuel_ratsnest, layout_loops_ring,
          nicolae_shop_i_like_small_books_too
D:7:      layout_gridville, minmay_temple_entry_antechambers
D:8:      layout_rooms, mainiacjoe_overflow_alcove_1, lemuel_round_altar,
          serial_shops, shop, uniq_grum
D:9:      layout_big_octagon, uniq_psyche
D:10:     layout_roguey, pdpol_temple_overflow_zin_treasury_gozag_greed,
          mainiacjoe_overflow_surrounded_room,
          mainiacjoe_overflow_catwalk_spiral, dancing_weapons_uskayaw,
          dpeg_lair_monsters
D:11:     layout_loops_ring
D:12:     layout_cave_pools, kennysheep_opposing_triangles
D:13:     nzn_winding_woodlands_huge [nzn_winding_woodlands_5x15_jagged,
          nzn_winding_woodlands_5x15_crooked,
          nzn_winding_woodlands_5x15_longhouse, nzn_winding_woodlands_5x15_pool,
          nzn_winding_woodlands_5x15_river_crossing,
          nzn_winding_woodlands_5x15_sidewinder,
          nzn_winding_woodlands_5x15_garden, nzn_winding_woodlands_5x15_zeroes,
          nzn_winding_woodlands_5x15_default, nzn_winding_woodlands_5x15_cabin,
          nzn_winding_woodlands_center_pierced_h,
          nzn_winding_woodlands_center_lodge,
          nzn_winding_woodlands_15x15_thick_spiral], layout_cave_pods,
          nicolae_shop_fire_sale [nicolae_sub_dead_trees]
D:14:     layout_basic, erik_vaults_2, minmay_misc_feat_diagonals, uniq_kirke
D:15:     grunt_enter_depths_snipers, layout_basic, serial_curves,
          eino_curves_03, eino_curves_02, eino_curves_03
Temple:   hellmonk_temple_forest_ring
Lair:1:   dpeg_oklob_gauntlet, layout_gridlike, nicolae_volcano_entry_s_turn,
          basic_altar, uniq_gastronok
Lair:2:   layout_roguey, skrybe_swamp_entry_bodies, minivault_11,
          grunt_megastairs_1, infiniplex_staircase_pool_2, uniq_erica
Lair:3:   layout_roguey, dummy_spider_entry, gauntlet_entry_generic,
          grunt_forest_large_clearing_hut
Lair:4:   layout_small_grid, nicolae_slime_entry_field_trip,
          nicolae_quartered_pool_medium, minivault_26,
          chequers_serial_rivers_micro_c
Lair:5:   minmay_lair_end_frog_pond, layout_gridlike,
          nzn_masters_of_martial_movement
Swamp:1:  layout_basic_swamp, nicolae_swamp_treefoil
Swamp:2:  layout_basic_swamp, evilmike_swamp_ruin_house_3
Swamp:3:  layout_basic_swamp, gammafunk_ghost_cemetery,
          infiniplex_staircase_pool, swamp_pool4, nicolae_swamp_trees_clearing,
          nicolae_swamp_some_circles
Swamp:4:  byrel_swamp_growth_death_and_undeath, layout_basic_swamp
Spider:1: nicolae_spider_jumping_over_cracks [nicolae_spider_jumping_sub_notch,
          nicolae_spider_jumping_sub_moat, nicolae_spider_jumping_sub_pools,
          nicolae_spider_jumping_sub_grid], special_room [special_room_bee],
          uniq_asterion, uniq_josephine
Spider:2: gammafunk_boulding_lane, uniq_arachne
Spider:3: layout_chambers
Spider:4: johnstein_spider_rune_arachne_lair,
          portal_ice_cave_entry_pillars_four, uniq_roxanne
Slime:1:  layout_caves
Orc:1:    layout_caves, uniq_sonja, uniq_snorg
Orc:2:    st_orc_pillars, layout_caves
Elf:1:    minmay_elf_arrival_plus, layout_loops_corners,
          hangedman_elf_represent, minivault_15, nicolae_shop_unique_rings,
          nicolae_shop_i_like_big_books, drop_trap, nrook_loot_triangle,
          uniq_louise
Elf:2:    nicolae_elf_blades_crystal_corner, layout_loops_corners, serial_shops,
          shop
Elf:3:    minmay_elf_hall_curves, layout_geoelf_diagonals, serial_shops, shop
Vaults:1: vaults_room_boxed, vaults_dpeg_encased_lava, grunt_vaults_twisty,
          ontoclasm_vaults_idyll, nicolae_vaults_storage_closets_3,
          nicolae_vaults_little_squares_5, nicolae_vaults_storage_closets_2,
          vaults_dpeg_cross, vaults_mumra_minichess, vaults_mumra_hex,
          hangedman_vaults_impose, layout_vaults_ring
Vaults:2: minmay_crypt_entry_necro_gods, nicolae_vaults_murderbox,
          vaults_room_semicircle, v_misc_14,
          nicolae_vaults_storage_room_statues, nicolae_vaults_double_plus_1,
          v_alt_pattern_5, vaults_room_pool, layout_vaults_omnigrid
Vaults:3: vaults_dpeg_ring, nicolae_vaults_circle_grid_b,
          ontoclasm_vaults_loading_screen, vaults_room_stairs_pillars,
          grunt_vaults_swirl, nicolae_vaults_mitosis, v_alt_pattern_3, st_lines,
          nicolae_vaults_variable_pillar_hall, v_misc_11,
          nicolae_vaults_tetromino_T_1, nicolae_vaults_heart-shaped_vault,
          grunt_vaults_focal, layout_vaults_omnicross, serial_shops,
          nicolae_shop_behind_doors, uniq_aizul
Vaults:4: portal_desolation_entry_holy_temple, nicolae_vaults_lightning_bolt,
          vaults_room_pools, v_misc_11, vaults_room_door_hall,
          vaults_standard_mumra_enter_the_diamond,
          ontoclasm_vaults_claustrophobia, nicolae_vaults_alarming,
          ontoclasm_vaults_hangar, nicolae_vaults_sealed_display,
          nicolae_vaults_variable_pillar_hall, nicolae_vaults_trapezoid_3,
          nicolae_vaults_angled_halls, hangedman_vaults_stream,
          nicolae_vaults_angled_halls, nicolae_vaults_diagonal_hallway_6,
          layout_vaults_omnibox
Vaults:5: serial_shops
Depths:1: layout_cave_shapes, hell_entry, serial_shops, shop, shop,
          hellmonk_okawaru_the_only_friend_you_need, abyss_entry, zin_angel,
          nicolae_triple_integral
Depths:2: cheibrodos_salmonella, layout_basic, pan_entry, pf_coc_iceberg
Depths:3: nicolae_hexawheel, layout_gridlike, enter_ziggurat_f,
          chequers_serial_rivers_large_b, abyss_entry, lightli_too_deep
Depths:4: grunt_crosshair, layout_basic, serial_bayou_pond_a, hell_entry,
          rand_demon_pan_entry_5
Zot:1:    layout_gridville, st_stairs_8, uniq_parghit
Zot:2:    cheibrodos_zot_enchanting_chambers, layout_basic, lemuel_lich_library
Zot:3:    layout_onion_interference, grunt_ministairs_9,
          hangedman_zot_decor_tridents
Zot:4:    layout_gridlike, grunt_megastairs_4, uniq_vv
Zot:5:    layout_twisted_circle, uniq_tiamat

Skill      XL: |  1  2  3  4  5  6  7  8  9 10 11 12 13 14 15 16 17 18 19 20 21 22 23 24 25 26 27 |
---------------+----------------------------------------------------------------------------------+-----
Polearms       | 4 5 7 9 10 12 | 12.5
Fighting       | 5 7 9 10 12 13 14 15 16 18 19 21 | 21.3
Evocations     | 3 5 9 14 | 14.9
Throwing       | 3 4 5 |  5.9
Armour         | 3 4 7 8 12 14 18 19 21 | 21.3
Invocations    | 1 4 7 9 11 12 13 15 17 18 19 20 | 20.7
Dodging        | 3 4 8 10 12 13 16 18 19 | 19.9
Axes           | 6 10 12 14 16 18 19 20 22 | 22.9
Shields        | 10 16 18 19 21 | 21.9
Stealth        | 5 9 10 | 10.0

Action                     |  1- 3 |  4- 6 |  7- 9 | 10-12 | 13-15 | 16-18 | 19-21 | 22-24 | 25-27 || total
---------------------------+-------+-------+-------+-------+-------+-------+-------+-------+-------++-------
  Melee: Spear             |   126 |   188 |    45 |       |       |       |       |       |       ||   359
         Trident           |       |       |   334 |    16 |       |       |       |       |       ||   350
         Glaive            |       |       |       |    76 |       |       |       |       |       ||    76
         Unarmed           |       |       |       |     9 |       |       |       |       |       ||     9
         Halberd           |       |       |       |   307 |    76 |       |       |       |       ||   383
         Lajatang          |       |       |       |       |   258 |       |       |       |       ||   258
         Battleaxe         |       |       |       |       |    10 |  1017 |  1093 |  1165 |       ||  3285
         Punch             |       |       |       |       |     6 |       |       |       |       ||     6
         Broad axe         |       |       |       |       |   119 |   102 |       |   156 |  2583 ||  2960
         Executioner's axe |       |       |       |       |       |       |       |       |    46 ||    46
  Throw: Dart              |       |     6 |     9 |     7 |     7 |    23 |     3 |       |       ||    55
         Boomerang         |       |       |    12 |       |       |     7 |       |       |       ||    19
         Javelin           |       |       |     6 |       |       |       |     1 |       |       ||     7
 Invoke: Upheaval          |       |       |       |     2 |     3 |     6 |     4 |     2 |     1 ||    18
         Elemental Force   |       |       |       |       |     3 |     7 |     6 |     7 |    13 ||    36
         Disaster Area     |       |       |       |       |     1 |     5 |     7 |     4 |    10 ||    27
Ability: Dig               |       |       |       |       |       |       |     1 |       |       ||     1
  Evoke: Wand              |       |     7 |     3 |     2 |    11 |     7 |     4 |     1 |     6 ||    41
         Phantom mirror    |       |       |       |       |       |       |       |       |     2 ||     2
         Condenser vane    |       |       |       |       |       |       |       |       |     2 ||     2
    Use: Scroll            |     1 |     6 |     5 |     8 |     7 |       |     7 |    14 |    19 ||    67
         Potion            |       |       |       |     4 |     4 |     6 |     5 |     7 |    12 ||    38
   Stab: Petrified         |       |       |       |       |     2 |       |       |       |       ||     2
         Paralysed         |       |       |       |       |     6 |     8 |     5 |     5 |    12 ||    36
         Confused          |       |       |       |       |       |       |     1 |       |       ||     1
         Distracted        |       |       |       |       |       |       |       |       |     2 ||     2
 Armour: Robe              |    12 |       |       |       |       |       |       |       |       ||    12
         Ring mail         |     4 |    38 |    75 |       |       |       |       |       |       ||   117
         Steam dragon scal |       |       |     7 |       |       |       |       |       |       ||     7
         Scale mail        |       |       |     6 |   142 |   220 |   727 |   319 |       |       ||  1414
         Skin              |       |       |       |     1 |       |       |       |       |       ||     1
         Plate armour      |       |       |       |       |     6 |       |   685 |   290 |   588 ||  1569
         Gold dragon scale |       |       |       |       |       |       |       |       |   436 ||   436
  Dodge: Dodged            |    47 |    69 |   203 |   199 |   224 |   762 |   735 |   367 |  1147 ||  3753
         Repelled          |       |       |       |       |     1 |     5 |    21 |    21 |    66 ||   114
  Block: Orb               |       |       |       |    64 |    33 |   450 |   332 |       |       ||   879
         Other             |       |       |       |       |    95 |       |       |       |       ||    95
         Kite shield       |       |       |       |       |       |       |   139 |   687 |       ||   826
         Tower shield      |       |       |       |       |       |       |       |   497 |  3415 ||  3912

Table legend: (Time is in decaauts)
 A = Elapsed time spent in this place.
 B = Non-inter-level travel time spent in this place.
 C = Inter-level travel time spent in this place.
 D = Time resting spent in this place.
 E = Time spent auto-exploring this place.
 F = Levels seen in this place.
 G = Mean time per level.
                   A        B        C        D        E       F      G
               +--------+--------+--------+--------+--------+-----+--------+
         Total |  58177 |  52795 |   5382 |   8559 |  27614 |  53 | 1097.7 |
       Dungeon |  16487 |  14043 |   2444 |   1684 |   7902 |  15 | 1099.1 |
        Temple |    107 |    107 |      0 |      0 |     73 |   1 |  107.0 |
          Lair |   5217 |   4535 |    682 |    518 |   2553 |   5 | 1043.4 |
         Swamp |   3505 |   3288 |    217 |    690 |   1560 |   4 |  876.2 |
   Spider Nest |   6239 |   5937 |    302 |   2214 |   2254 |   4 | 1559.8 |
    Slime Pits |      1 |      1 |      0 |      0 |      0 |   1 |    1.0 |
  Orcish Mines |   1441 |   1361 |     80 |    109 |    740 |   2 |  720.5 |
   Elven Halls |   3769 |   3638 |    131 |    170 |   2266 |   3 | 1256.3 |
        Vaults |   9139 |   8206 |    933 |   2085 |   3832 |   5 | 1827.8 |
        Depths |   4587 |   4222 |    365 |      8 |   3041 |   4 | 1146.8 |
           Zot |   5225 |   5000 |    225 |    401 |   2929 |   5 | 1045.0 |
         Sewer |    339 |    339 |      0 |      5 |    171 |   1 |  339.0 |
       Volcano |    609 |    609 |      0 |    196 |      3 |   1 |  609.0 |
    Desolation |    841 |    841 |      0 |    178 |    248 |   1 |  841.0 |
      Gauntlet |    664 |    664 |      0 |    301 |     39 |   1 |  664.0 |
               +--------+--------+--------+--------+--------+-----+--------+

Top non-repeatable levels by time:
Spider:3: 2571 daAuts
Vaults:2: 2307 daAuts
Vaults:4: 1866 daAuts
Vaults:3: 1821 daAuts
Vaults:1: 1731 daAuts
   Zot:2: 1622 daAuts
     D:1: 1597 daAuts
    D:13: 1574 daAuts
   Elf:2: 1434 daAuts
Vaults:5: 1412 daAuts
Spider:1: 1382 daAuts
     D:4: 1360 daAuts
Depths:3: 1347 daAuts
  Lair:1: 1293 daAuts
    D:15: 1263 daAuts
